 Dungeon Crawl Stone Soup version 0.31.0-11-ge490571c62 (webtiles) character file.

Game seed: 17972157863819353219

2433 Dirian the Cleaver (level 9, -7/100 HPs)
             Began as a Minotaur Fighter on Feb 3, 2024.
             Was a Priest of Hepliaklqana.
             Mangled by an ogre
             ... wielding a +0 giant spiked club
              (15 damage)
             ... on level 7 of the Dungeon.
             The game lasted 00:07:36 (5762 turns).

Dirian the Cleaver (Minotaur Fighter)               Turns: 5762, Time: 00:07:36

Health: -7/100     AC: 24    Str: 24    XL:     9   Next: 24%
Magic:  9/9        EV:  2    Int:  5    God:    Hepliaklqana [***...]
Gold:   329        SH:  9    Dex: 11    Spells: 8/8 levels left

rFire   . . .        w - +1 war axe (heavy)
rCold   . . .        u - +0 kite shield
rNeg    . . .        f - melded +0 chain mail
rPois   +            (helmet currently unavailable)
rElec   .            (cloak currently unavailable)
rCorr   +            o - melded +0 pair of gloves
SInv    .            (boots currently unavailable)
Will    .....        (no amulet)
Stlth   +            v - ring of resist corrosion
HPRegen 0.36/turn    (no ring)
MPRegen 0.11/turn

%: no passive effects
@: tree-form
A: stationary, stasis, torment immunity, boosted hp, reduced essence, (horns 2),
(retaliatory headbutt)
a: Renounce Religion, Ancestor Life: Knight, Ancestor Life: Battlemage, Ancestor
Life: Hexer, Recall Ancestor, Ancestor Identity, Transference


You were on level 7 of the Dungeon.
You worshipped Hepliaklqana.
Hepliaklqana was most pleased with you.
You were a tree.
You visited 1 branch of the dungeon, and saw 7 of its levels.

You collected 329 gold pieces.

Inventory:

Hand Weapons
 a - a +0 war axe
 g - a +0 flail
 w - a +1 heavy war axe (weapon)
Armour
 f - a +0 chain mail (melded)
 o - a +0 pair of gloves (melded)
 u - a +0 kite shield (worn)
Jewellery
 v - a ring of resist corrosion (left branch)
 x - a ring of fire
Wands
 i - a wand of iceblast (7)
 k - a wand of paralysis (13)
 l - a wand of polymorph (8)
 s - a wand of flame (22)
Scrolls
 b - a scroll of revelation
 d - a scroll of silence
 e - a scroll of poison
 j - a scroll of fog
 r - a scroll of identify
 t - a scroll of teleportation
 z - a scroll of blinking
Potions
 h - a potion of haste
 m - 3 potions of enlightenment
 n - a potion of magic
 q - 2 potions of curing


   Skills:
 + Level 6.3 Fighting
 + Level 9.7 Axes
 + Level 9.2 Armour
 + Level 6.1 Shields
 * Level 2.6 Invocations


You had 8 spell levels left.
You didn't know any spells.
Your spell library contained the following spells:

 Spells                   Type           Power      Damage    Failure   Level
 Mercury Vapours          Alch/Air       0%         N/A       85%         2
 Mephitic Cloud           Conj/Alch/Air  0%         N/A       97%         3
 Freezing Cloud           Conj/Ice/Air   0%         6-21      100%        5


Dungeon Overview and Level Annotations

Branches:
Dungeon (7/15) Zot: 26969  Temple (0/1) D:4

Altars:
Hepliaklqana

Shops:
D:4 :


Innate Abilities, Weirdness & Mutations

You are a tree.
Your roots penetrate the ground, keeping you stationary.
You cannot be teleported.
You are immune to unholy pain and torment.
Your maximum health is greatly increased.
Your equipment is partially melded.
Your life essence is reduced to manifest your ancestor. (-10% HP)
((You have a pair of horns on your head.))
((You reflexively headbutt those who attack you in melee.))


Message History

* * * LOW HITPOINT WARNING * * *
You block the orc warrior's attack.
You hit the orc warrior.
The orc warrior is moderately wounded.
A sky beast comes into view.
You block the orc warrior's attack.
The orc warrior hits you but does no damage.
You block the acid dragon's attack.
The acid dragon claws you but does no damage.
You closely miss the orc warrior.
You headbutt the orc warrior, but do no damage.
The orc warrior is moderately wounded.
You slash the acid dragon! The acid dragon barely misses you.
You block the acid dragon's attack.
The orc warrior hits you but does no damage.
You barely miss the acid dragon.
The acid dragon is severely wounded.
You slash the orc warrior!
You kill the orc warrior!
The acid dragon spits acid at you. You block the splash of acid.
You block the ogre's attack. You block the acid dragon's attack.
The acid dragon closely misses you.
Okay, then.
You turn into a tree.
Your +0 pair of gloves melds into your body.
Your +0 chain mail melds into your body.
Your roots penetrate the ground.
The acid dragon bites you.
* * * LOW HITPOINT WARNING * * *
You block the acid dragon's attack.
You hit the ogre.
The ogre is lightly wounded.
You closely miss the acid dragon. You block the ogre's attack.
The acid dragon bites you.
* * * LOW HITPOINT WARNING * * *
You block the acid dragon's attack.
You hit the ogre.
The ogre is lightly wounded.
You barely miss the sky beast. You slash the acid dragon!
The ogre hits you with a +0 giant spiked club!
You die...

.#.....!...# .
..........##..
............#..#
#..#...........
#............#
#............#
#....$).....#
#.....♣Y....###
#...".OD†.....?
##........#..#.
#.......#...#
##.###..#.#..#
#. ##.#.# .. #
#.<.# #
.......#.(#
.......#...#


You could see an acid dragon (catching breath), a sky beast and an ogre.

Vanquished Creatures
  Pikel (D:4)
  A sky beast (D:6)
  An ice beast (D:6)
  A black bear (D:6)
  2 orc warriors
  2 ogres
  2 phantoms
  A kobold brigand (D:6)
  A bullfrog (D:6)
  A gnoll sergeant (D:5)
  2 scorpions (D:5)
  A howler monkey (D:7)
  A jelly (D:6)
  5 hounds
  3 orc priests
  3 sleepcaps (D:6)
  4 iguanas
  An orc wizard (D:7)
  6 gnolls (D:5)
  8 adders
  A white imp (D:6)
  7 dart slugs
  A ribbon worm (D:2)
  7 orcs
  5 ball pythons
  5 endoplasms
  4 giant cockroaches
  4 goblins (D:1)
  7 hobgoblins
  5 jackals
  15 kobolds
  2 quokkas (D:1)
  6 bats
  2 frilled lizards
  8 rats
126 creatures vanquished.

Vanquished Creatures (collateral kills)
  An ogre (D:5)
  A scorpion (D:5)
  A gnoll (D:5)
  2 orcs (D:6)
  A hobgoblin (D:3)
6 creatures vanquished.

Vanquished Creatures (others)
  2 ancestors
2 creatures vanquished.

Grand Total: 134 creatures vanquished

Notes
Turn   | Place    | Note
-------+----------+-------------------------------------------
     0 | D:1      | Dirian the Minotaur Fighter began the quest for the Orb.
     0 | D:1      | Reached XP level 1. HP: 19/19 MP: 0/0
   119 | D:1      | Reached XP level 2. HP: 22/27 MP: 1/1
   500 | D:1      | Reached XP level 3. HP: 33/33 MP: 2/2
  1341 | D:2      | Reached XP level 4. HP: 35/40 MP: 3/3
  2039 | D:3      | Found a faded altar of an unknown god.
  2073 | D:3      | Prayed at the altar of an unknown god.
  2073 | D:3      | Became a worshipper of Hepliaklqana the Forgotten
  2073 | D:3      | Reached * piety under Hepliaklqana
  2281 | D:3      | Identified the +2 leather armour "Viph" {-Cast rPois rN+++
                  | Slay+5 Stlth-}
  2730 | D:4      | Noticed Pikel
  2730 | D:4      | Noticed a lemure
  2730 | D:4      | Noticed a lemure
  2730 | D:4      | Noticed a lemure
  2730 | D:4      | Noticed a lemure
  2756 | D:4      | Killed Pikel
  2757 | D:4      | Reached skill level 5 in Fighting
  2757 | D:4      | Reached XP level 5. HP: 6/43 MP: 4/4
  2757 | D:4      | Reached XP level 6. HP: 7/50 MP: 5/5
  2757 | D:4      | Reached XP level 7. HP: 7/54 MP: 6/6
  2949 | D:4      | Reached ** piety under Hepliaklqana
  2963 | D:4      | Found a staircase to the Ecumenical Temple.
  3017 | D:4      | Found Neumaozare's Book Shop.
  3195 | D:4      | Reached skill level 5 in Shields
  3490 | D:5      | Entered Level 5 of the Dungeon
  4059 | D:5      | Reached XP level 8. HP: 51/62 MP: 7/7
  4851 | D:6      | Reached skill level 1 in Invocations
  4998 | D:6      | Reached *** piety under Hepliaklqana
  5229 | D:6      | Reached XP level 9. HP: 54/67 MP: 9/9
  5762 | D:7      | Mangled by an ogre

Illustrated notes

Levels and vault maps discovered:
D:1:      evilmike_arrival_plus, layout_basic, minmay_cut_off
D:2:      layout_basic, serial_rivers, chequers_serial_rivers_small_b,
          chequers_serial_rivers_large_b, chequers_serial_rivers_marsh,
          chequers_serial_rivers_marsh, chequers_serial_rivers_small_b,
          kennysheep_generic_room_15
D:3:      layout_basic, chequers_ecumenical_altar_twisty, hex_intersection
D:4:      kennysheep_spiral_hall, layout_loops_ring,
          minmay_temple_entry_proselytizer, serial_shops,
          nicolae_shop_rolling_square, kennysheep_small_spiral, uniq_pikel
D:5:      layout_cave_pods, kennysheep_another_room, minmay_misc_feat_chi
D:6:      layout_cave_pods
D:7:      layout_rooms

Skill      XL: |  1  2  3  4  5  6  7  8  9 |
---------------+----------------------------+-----
Shields        | 4 5 6 |  6.1
Armour         | 4 6 7 8 9 |  9.2
Fighting       | 4 5 6 |  6.3
Axes           | 3 6 7 9 |  9.7
Invocations    | 2 |  2.6

Action                     |  1- 3 |  4- 6 |  7- 9 || total
---------------------------+-------+-------+-------++-------
  Melee: War axe           |    88 |    61 |   131 ||   280
         Headbutt          |    12 |    13 |    26 ||    51
 Invoke: Recall Ancestor   |       |       |     1 ||     1
         Ancestor Identity |       |       |     1 ||     1
    Use: Scroll            |       |    10 |     3 ||    13
         Potion            |       |     1 |     1 ||     2
   Stab: Distracted        |       |       |     1 ||     1
 Armour: Scale mail        |    52 |    37 |    10 ||    99
         Chain mail        |       |       |   105 ||   105
         Skin              |       |       |     3 ||     3
  Dodge: Dodged            |    45 |    24 |    55 ||   124
  Block: Buckler           |    21 |    13 |    22 ||    56
         Kite shield       |       |       |    45 ||    45
